 Dungeon Crawl Stone Soup version 0.28-a0-845-gfc338a8e3c (webtiles) character file.

Game seed: 13164509440250712329

6972 Sweebthomas the Blocker (level 11, -3/86 HPs)
             Began as a Formicid Fighter on Nov 12, 2021.
             Was an Initiate of the Shining One.
             Slain by a cane toad (18 damage)
             ... on level 1 of the Lair of Beasts.
             The game lasted 00:16:12 (10672 turns).

Sweebthomas the Blocker (Formicid Fighter)         Turns: 10672, Time: 00:16:13

Health: -3/86      AC: 16    Str: 21    XL:     11   Next: 28%
Magic:  11/11      EV: 11    Int: 12    God:    the Shining One [......]
Gold:   356        SH:  8    Dex: 11    Spells: 10/10 levels left

rFire   . . .      SeeInvis +   d - +5 whip
rCold   . . .      Faith    .   c - +1 buckler
rNeg    . . .      Spirit   .   m - +2 leather armour {rPois}
rPois   +          Reflect  .   (helmet unavailable)
rElec   .          Harm     .   f - +0 cloak
rCorr   .          Rampage  .   y - +2 pair of gloves
Will    ++...                   r - +0 pair of boots
Stlth   +.........              (no amulet)
HPRegen 0.24/turn               j - +4 ring of protection
MPRegen 0.12/turn               l - ring of willpower

@: glowing
A: permanent stasis, dig shafts and tunnels, antennae 3, four strong arms,
clever 1
a: Dig, Shaft Self, Renounce Religion


You were on level 1 of the Lair of Beasts.
You worshipped the Shining One.
The Shining One was noncommittal.
You visited 3 branches of the dungeon, and saw 12 of its levels.

You collected 512 gold pieces.
You spent 156 gold pieces at shops.

Inventory:

Hand Weapons
 a - a +0 flail
 d - a +5 whip (weapon)
 B - a +2 whip of freezing
Armour
 c - a +1 buckler (worn)
 f - a +0 cloak (worn)
 m - a +2 leather armour of poison resistance (worn)
 r - a +0 pair of boots (worn)
 y - a +2 pair of gloves (worn)
Jewellery
 g - a +6 ring of intelligence
 j - a +4 ring of protection (left hand)
 l - a ring of willpower (right hand)
 x - an amulet of magic regeneration
Wands
 v - a wand of iceblast (13)
Scrolls
 n - 3 scrolls of teleportation
 o - 2 scrolls of summoning
 p - 2 scrolls of noise
 u - 2 scrolls of amnesia
 A - a scroll of holy word
Potions
 b - 2 potions of brilliance
 e - 3 potions of attraction
 i - 4 potions of curing
 k - 3 potions of flight
 w - 2 potions of haste


   Skills:
 + Level 8.1 Fighting
 * Level 9.9 Maces & Flails
 + Level 8.1 Armour
 * Level 12.1 Shields


You had 10 spell levels left.
You didn't know any spells.
Your spell library contained the following spells:

 Spells                   Type           Power      Damage    Failure   Level
 Corpse Rot               Necr/Air       0%         N/A       50%         2
 Poisonous Vapours        Pois/Air       0%         N/A       50%         2
 Inner Flame              Hex/Fire       0%         N/A       73%         3
 Cause Fear               Hex            0%         N/A       98%         4
 Discord                  Hex            0%         N/A       100%        8


Dungeon Overview and Level Annotations

Branches:
Dungeon (10/15)            Temple (1/1) D:6            Lair (1/6) D:8
    Orc: D:9-12

Altars:
Ashenzari
Cheibriados
Dithmenos
Elyvilon
Fedhas
Gozag
Hepliaklqana
Kikubaaqudgha
Makhleb
Nemelex Xobeh
Qazlal
Ru
Sif Muna
Trog
Uskayaw
Vehumet
Wu Jian
Xom
Yredelemnul
Zin
The Shining One

Shops:
D:8 !

Annotations:
D:3 1 runed translucent door, Crazy Yiuf
D:6 3 runed translucent doors, bjtr's ghost, novice HuCj


Innate Abilities, Weirdness & Mutations

You cannot be hasted, slowed, berserked, paralysed or teleported.
You can dig through walls and to a lower floor.
You have a pair of large antennae on your head. (SInv)
Your four strong arms can wield two-handed weapons with a shield.
Your mind is acute. (Int +2)


Message History

You hit the cane toad.
The cane toad is heavily wounded.
You closely miss the cane toad.
The cane toad is heavily wounded.
The cane toad stings you!
* * * LOW HITPOINT WARNING * * *
You hit the cane toad but do no damage.
The cane toad is heavily wounded.
You block the cane toad's attack.
You whack the cane toad!
The cane toad is severely wounded.
The cane toad stings you.
* * * LOW HITPOINT WARNING * * *
You barely miss the cane toad.
The cane toad is severely wounded.
You hit the cane toad.
The cane toad is almost dead.
You block the cane toad's attack.
You completely miss the cane toad.
The cane toad is almost dead.
The cane toad stings you!
* * * LOW HITPOINT WARNING * * *
Okay, then.
You closely miss the cane toad.
The cane toad is almost dead.
You barely miss the cane toad.
The cane toad is almost dead.
The cane toad barely misses you.
You feel better. The cane toad closely misses you.
You barely miss the cane toad.
The cane toad is almost dead.
You block the cane toad's attack.
You whack the cane toad!
You kill the cane toad!
You hit the cane toad but do no damage.
The cane toad is lightly wounded.
You hit the cane toad but do no damage.
The cane toad is lightly wounded.
The cane toad stings you!!
You die...

#..## #...##
#....##
#####.....##
#......<...#
#........###
#........##
####........P#
#@#.F.......##
##F#......†..#
###...........#
#..............
#..............
#..............
#..#####P......
#..# #...... #.
......


You could see a cane toad.

Vanquished Creatures
  Erolcha (D:9)
  Pikel (D:8)
  Joseph (D:8)
  A cane toad (Lair:1)
  2 komodo dragons
  3 hornets
  Sigmund (D:6)
  A shadow (D:9)
  Eustachio (D:4)
  A wraith (D:9)
  A steam dragon (D:7)
  Edmund (D:4)
  A water moccasin (D:6)
  Duvessa (D:6)
  An orc warrior (D:8)
  2 hornet zombies
  2 ice beasts (D:6)
  A black bear (D:6)
  A necrophage (D:6)
  An ogre (D:5)
  2 centaurs (D:9)
  2 lemures (D:8)
  2 phantoms
  3 bullfrogs
  A kobold brigand (D:7)
  3 scorpions
  Dowan (D:6)
  2 water moccasin zombies (D:5)
  3 killer bees (D:8)
  10 wights (D:8)
  A bullfrog zombie (D:5)
  3 hounds
  An orc priest (D:8)
  3 centaur zombies
  A gnoll shaman (D:4)
  3 iguanas
  A bullfrog skeleton (D:7)
  2 centaur skeletons
  Jessica (D:3)
  4 orc wizards
  A scorpion zombie (D:5)
  2 killer bee zombies
  A hound skeleton (D:4)
  Robin (D:2)
  2 howler monkey skeletons
  4 gnolls (D:4)
  5 adders
  A shadow imp (D:7)
  4 white imps
  An adder skeleton (D:4)
  5 worms
  3 dart slugs
  28 orcs
  9 ball pythons
  9 bats
  5 endoplasms
  3 giant cockroaches
  11 goblins
  12 hobgoblins
  4 quokkas
  4 frilled lizards
  8 kobolds
  7 rats
204 creatures vanquished.

Vanquished Creatures (others)
  2 fungi
  3 plants (D:8)
5 creatures vanquished.

Grand Total: 209 creatures vanquished

Notes
Turn   | Place    | Note
-------+----------+-------------------------------------------
     0 | D:1      | Sweebthomas the Formicid Fighter began the quest for the
                  | Orb.
     0 | D:1      | Reached XP level 1. HP: 18/18 MP: 1/1
   159 | D:1      | Reached XP level 2. HP: 24/24 MP: 2/2
   279 | D:1      | Reached skill level 4 in Shields
   483 | D:1      | Reached XP level 3. HP: 27/29 MP: 3/3
   872 | D:2      | Noticed Robin
   904 | D:2      | Killed Robin
   905 | D:2      | Reached XP level 4. HP: 10/36 MP: 4/4
  1929 | D:3      | Reached XP level 5. HP: 33/42 MP: 5/5
  2088 | D:3      | Found a faded altar of an unknown god.
  2240 | D:3      | Noticed Jessica
  2244 | D:3      | Killed Jessica
  2245 | D:3      | Reached skill level 5 in Shields
  2508 | D:3      | Identified the +0 chain mail "Ogai" {+Inv rC+ rN+ Str-5}
  2904 | D:3      | Found a runed translucent door.
  2905 | D:3      | Noticed Crazy Yiuf
  2969 | D:4      | Reached XP level 6. HP: 38/48 MP: 6/6
  3271 | D:4      | Noticed Edmund
  3282 | D:4      | Killed Edmund
  3283 | D:4      | Reached XP level 7. HP: 45/55 MP: 7/7
  3402 | D:4      | Reached skill level 6 in Shields
  3410 | D:4      | HP: 2/55 [gnoll (3)]
  3802 | D:4      | Noticed Eustachio
  3843 | D:4      | Killed Eustachio
  4415 | D:5      | Entered Level 5 of the Dungeon
  4423 | D:5      | Reached skill level 5 in Maces & Flails
  4561 | D:5      | Reached XP level 8. HP: 52/61 MP: 8/8
  4725 | D:5      | Gained mutation: You passively map a small area around you.
                  | [potion of mutation]
  4725 | D:5      | Gained mutation: You have sharp fingernails. [potion of
                  | mutation]
  4726 | D:5      | Lost mutation: You passively map a small area around you.
                  | [potion of mutation]
  4726 | D:5      | Lost mutation: You have sharp fingernails. [potion of
                  | mutation]
  4726 | D:5      | Gained mutation: Your magical capacity is low. (-10% MP)
                  | [potion of mutation]
  4734 | D:5      | Reached skill level 5 in Armour
  4737 | D:5      | Reached skill level 7 in Shields
  4879 | D:5      | Reached skill level 5 in Fighting
  5582 | D:6      | Reached skill level 8 in Shields
  5727 | D:6      | Reached XP level 9. HP: 68/68 MP: 8/8
  6035 | D:6      | Noticed Duvessa
  6040 | D:6      | Noticed Dowan
  6044 | D:6      | You fall into a shaft and drop 1 floor!
  6275 | D:7      | Reached skill level 9 in Shields
  7027 | D:8      | Noticed Pikel
  7046 | D:8      | Killed Pikel
  7047 | D:8      | Reached XP level 10. HP: 72/77 MP: 9/9
  7174 | D:8      | Reached skill level 10 in Shields
  7455 | D:8      | Noticed a komodo dragon
  7492 | D:8      | Killed a komodo dragon
  7781 | D:8      | Found a staircase to the Lair.
  8585 | D:8      | Found Foilunyx's Distillery.
  8593 | D:8      | Bought a potion of mutation for 104 gold pieces
  8593 | D:8      | Bought a potion of might for 52 gold pieces
  8593 | D:8      | Lost mutation: Your magical capacity is low. (-10% MP)
                  | [potion of mutation]
  8593 | D:8      | Gained mutation: Your mind is acute. (Int +2) [potion of
                  | mutation]
  8646 | D:8      | Noticed Joseph
  8663 | D:8      | Killed Joseph
  9195 | D:9      | Reached skill level 11 in Shields
  9520 | D:10     | Entered Level 10 of the Dungeon
  9676 | D:9      | Noticed Erolcha
  9685 | D:9      | Killed Erolcha
  9686 | D:9      | Reached XP level 11. HP: 65/86 MP: 11/11
  9855 | D:6      | Killed Duvessa
  9862 | D:6      | Killed Dowan
 10078 | D:6      | Noticed Sigmund
 10089 | D:6      | Killed Sigmund
 10261 | D:6      | Found a staircase to the Ecumenical Temple.
 10303 | D:6      | Found a runed translucent gate.
 10303 | D:6      | Found a runed translucent gate.
 10303 | D:6      | Found a runed translucent gate.
 10306 | D:6      | Noticed bjtr's ghost (novice HuCj)
 10306 | D:6      | Identified the +7 plate armour of Elyvilon's Displeasure
                  | {SInv}
 10341 | Temple   | Entered the Ecumenical Temple
 10423 | Temple   | Became a worshipper of the Shining One
 10508 | Lair:1   | Entered Level 1 of the Lair of Beasts
 10532 | Lair:1   | Reached skill level 12 in Shields
 10672 | Lair:1   | Slain by a cane toad

Illustrated notes

Levels and vault maps discovered:
D:1:      amcnicky_arrival_feature_with_door, layout_rooms
D:2:      layout_basic, kennysheep_generic_room_8, uniq_robin
D:3:      layout_basic, basic_ecumenical_altar, chequers_jeans,
          minmay_checkerbox, uniq_crazy_yiuf_cottage, uniq_jessica
D:4:      layout_basic, uniq_eustachio, uniq_edmund
D:5:      minmay_razor_zed, layout_loops_ring
D:6:      layout_cave_pools, minmay_temple_entry_statues_pillars,
          biasface_ghost_orc_armoury, uniq_duvessa, uniq_sigmund
D:7:      layout_basic, minmay_misc_feat_hallway
D:8:      layout_basic, david_lair_shrubbed, serial_shops, shop_fountains,
          uniq_joseph, uniq_pikel
D:9:      kennysheep_blocky_hall, layout_basic, uniq_erolcha
D:10:     layout_basic, kennysheep_mini_moat, enter_bailey_6
Temple:   compressed_dpeg_triangle_lava_temple
Lair:1:   layout_small_grid, patterned_corridor, lemuel_fruit_fields,
          grunt_megastairs_3, infiniplex_staircase_pool_2

Skill      XL: |  1  2  3  4  5  6  7  8  9 10 11 |
---------------+----------------------------------+-----
Shields        | 4 5 6 8 9 11 12 | 12.1
Maces & Flails | 3 4 5 6 7 9 |  9.9
Armour         | 4 5 6 7 8 |  8.1
Fighting       | 4 5 6 7 8 |  8.1

Action                   |  1- 3 |  4- 6 |  7- 9 | 10-12 || total
-------------------------+-------+-------+-------+-------++-------
Melee: Flail             |   103 |     8 |       |       ||   111
       Whip              |       |   186 |   413 |   389 ||   988
 Abil: Dig               |     1 |       |     4 |     7 ||    12
       Shaft Self        |       |       |     1 |       ||     1
  Use: Scroll            |     3 |     1 |     5 |     8 ||    17
       Potion            |     1 |     1 |     5 |     7 ||    14
Armor: Scale mail        |    68 |    15 |       |       ||    83
       Leather armour    |       |    49 |   147 |    88 ||   284
Dodge: Dodged            |    59 |    76 |   137 |   109 ||   381
Block: Buckler           |    27 |    46 |    85 |    73 ||   231

Table legend: (Time is in decaauts)
 A = Elapsed time spent in this place.
 B = Non-inter-level travel time spent in this place.
 C = Inter-level travel time spent in this place.
 D = Time resting spent in this place.
 E = Time spent auto-exploring this place.
 F = Levels seen in this place.
 G = Mean time per level.
                   A        B        C        D        E       F      G
               +--------+--------+--------+--------+--------+-----+--------+
         Total |  10480 |  10200 |    280 |   2846 |   5305 |  12 |  873.3 |
       Dungeon |  10241 |   9968 |    273 |   2744 |   5305 |  10 | 1024.1 |
        Temple |     88 |     83 |      5 |      0 |      0 |   1 |   88.0 |
          Lair |    149 |    149 |      0 |    102 |      0 |   1 |  149.0 |
               +--------+--------+--------+--------+--------+-----+--------+

Top non-repeatable levels by time:
     D:8: 2175 daAuts
     D:4: 1456 daAuts
     D:2: 1286 daAuts
     D:5: 1116 daAuts
     D:3: 1032 daAuts
     D:6: 1016 daAuts
     D:7: 956 daAuts
     D:1: 648 daAuts
     D:9: 499 daAuts
  Lair:1: 149 daAuts
  Temple: 88 daAuts
    D:10: 53 daAuts
